 Dungeon Crawl Stone Soup version 0.15.2 (webtiles) character file.

99552 magipi the Spear-Bearer (level 16, -2/93 HPs)
             Began as a Tengu Fire Elementalist on June 20, 2015.
             Was the Champion of Makhleb.
             Shot with an arrow by a naga sharpshooter (12 damage)
             ... on Level 2 of the Snake Pit on June 24, 2015.
             The game lasted 04:31:54 (40699 turns).

magipi the Spear-Bearer (Tengu Fire Elementalist)  Turns: 40699, Time: 04:31:54

HP  -2/93        AC 15     Str 10      XL: 16   Next: 25%
MP  23/30        EV 24     Int 19      God: Makhleb [******]
Gold 159         SH  7     Dex 17      Spells:  4 memorised, 10 levels left

rFire  . . .     SeeInvis .     a - +4 demon trident (vamp)
rCold  . . .     Clarity  .     k - +0 leather armour {rPois}
rNeg   . . .     rCorr    +     b - +1 buckler {AC+3}
rPois  +         rRot     .     (helmet restricted)
rElec  .         Spirit   .     H - +1 cloak (curse)
SustAb .         Warding  .     V - +1 pair of gloves
rMut   .         Stasis   .     (boots unavailable)
Gourm  .                        K - amulet of resist corrosion
MR     ++...                    s - ring of protection from magic
                                O - +3 ring of protection

@: flying quickly and evasively, quick, very resistant to hostile enchantments,
fairly stealthy
A: able to fly continuously, beak, talons 3
a: Stop Flying, Minor Destruction, Lesser Servant of Makhleb, Major Destruction,
Greater Servant of Makhleb, Renounce Religion


You were on level 2 of the Snake Pit.
You worshipped Makhleb.
Makhleb was exalted by your worship.
You were hungry.

You visited 5 branches of the dungeon, and saw 31 of its levels.
You visited 1 bazaar.
You also visited: Ice Cave.

You collected 3274 gold pieces.
You spent 3115 gold pieces at shops.

Inventory:

Hand weapons
 a - a +4 vampiric demon trident (weapon)
Missiles
 x - 3 throwing nets
 T - 3 javelins (quivered)
Armour
 b - a +1 buckler of protection (worn)
 k - a +0 leather armour of poison resistance (worn)
 D - a +1 mottled dragon armour
 H - a cursed +1 cloak (worn)
 V - a +1 pair of gloves (worn)
Magical devices
 e - a wand of hasting (6)
 l - a wand of confusion (8)
 n - a wand of polymorph (19)
 p - a wand of paralysis (7)
 t - a wand of enslavement (2)
 B - a wand of draining (5)
 J - a wand of polymorph (1)
 R - a wand of digging (1)
 S - a wand of invisibility (4)
 Z - a wand of teleportation (4)
Comestibles
 c - 9 bread rations
 m - 11 meat rations
Scrolls
 i - 3 scrolls of amnesia
 j - 5 scrolls of identify
 r - 3 scrolls of teleportation
 u - 16 scrolls of remove curse
 w - 2 scrolls of magic mapping
 L - 2 scrolls of blinking
 N - 5 scrolls of recharging
 P - 3 scrolls of fear
 Q - a scroll of fog
Jewellery
 d - a +5 ring of slaying
 f - an uncursed ring of fire
 g - an uncursed ring of magical power
 s - a ring of protection from magic (right hand)
 G - an uncursed ring of positive energy
 K - an amulet of resist corrosion (around neck)
 M - an uncursed amulet of resist mutation
 O - a +3 ring of protection (left hand)
 W - an uncursed ring of wizardry
Potions
 h - 7 potions of curing
 o - 2 potions of resistance
 q - 6 potions of might
 v - 3 potions of magic
 y - a potion of berserk rage
 z - a potion of haste
 E - 3 potions of restore abilities
 F - 4 potions of agility
 I - 2 potions of cancellation
 X - 2 potions of invisibility
 Y - a potion of heal wounds
Books
 C - a book of the Tempests

   Spells                             Type                      Level
   Static Discharge                   Conjuration/Air              3
   Lightning Bolt                     Conjuration/Air              5
   *Fireball                          Conjuration/Fire             5
   Tornado                            Air                          9
   Shatter                            Earth                        9
 U - a book of Wizardry

   Spells                             Type                      Level
   Agony                              Necromancy                   5
   Force Lance                        Conjuration                  5
   Dispersal                          Translocation                6
   Haste                              Charms                       6
   Invisibility                       Hexes                        6
   Spellforged Servitor               Conjuration/Summoning        7


   Skills:
 - Level 8.0 Fighting
 + Level 13.0 Polearms
 - Level 10.0 Armour
 + Level 12.4 Dodging
 - Level 7.0 Stealth
 - Level 5.1 Shields
 - Level 4.0 Spellcasting
 - Level 10.8 Conjurations
 - Level 10.0 Fire Magic
 - Level 10.0 Invocations
 - Level 10.4 Evocations


You had 10 spell levels left.
You knew the following spells:

 Your Spells              Type           Power        Failure   Level  Hunger
a - Flame Tongue          Conj/Fire      #####        1%          1    None
b - Conjure Flame         Conj/Fire      #####...     1%          3    ###....
c - Sticky Flame          Conj/Fire      #####...     1%          4    ####...
d - Fireball              Conj/Fire      #####.....   8%          5    #####..


Dungeon Overview and Level Annotations

Branches:
Dungeon (15/15)            Temple (0/1) D:4             Orc (4/4) D:10
    Elf (0/3) Orc:3          Lair (8/8) D:8          Shoals (2/5) Lair:3
  Snake (2/5) Lair:6        Slime (0/6) Lair:8       Vaults (0/5) D:14
 Depths: D:15

Altars:
Ashenzari
Dithmenos
Fedhas
Makhleb
Nemelex Xobeh
Okawaru
Sif Muna
Trog
Vehumet
Xom
Zin
The Shining One
Beogh
Jiyva

Shops:
D:4 !   D:6 (   D:11 (   Orc:3 !   Orc:4 !*[}

Portals:
Trove: D:11 (give 2 scrolls of acquirement)

Annotations:
D:4 Pikel, 1 exclusion
D:15 Frances
Lair:8 Fannar


Innate Abilities, Weirdness & Mutations

You can fly continuously.
You have a beak for a mouth.
You have claws for feet.

Vault maps used:
D:1:      matt_arrival_spirals
D:2:      evilmike_ruin_ashenzari, makhleb_blood_cavern_becter
D:3:      nicolae_tso_carved_into_rock, uniq_iyjb
D:4:      minmay_temple_entry_glass, first_bread, serial_shops,
          kennysheep_mini_moat, nemelex_xobeh_ov_fountains_minmay, uniq_pikel,
          uniq_edmund
D:5:      fedhas_bush_and_centaur_altar, uniq_eustachio
D:6:      nicolae_overflow_hidden_temple, basic_altar, serial_shops,
          shop_fountains
D:7:      lemuel_coloured_pillars_altar, okawaru_metal_pillars_1_2, basic_altar,
          uniq_duvessa, uniq_menkaure, uniq_prince_ribbit1
D:8:      lair_0_dummy, hangedman_little_slice_of_home
D:9:      minmay_misc_feat_rows, uniq_grum
D:10:     orc_0_dummy, dk_rats_in_the_wall, uniq_urug
D:11:     serial_shops, shop, enter_trove_0, basic_altar
D:12:     serial_undead, serial_undead_e, serial_undead_f, serial_undead_d,
          serial_undead_a, serial_undead_e, serial_undead_f, serial_undead_b,
          serial_undead_f, special_room, minmay_misc_feat_x, uniq_psyche
D:13:     serial_shops, bzr_entry_safe
D:14:     david_vaults_4, special_room, uniq_azrael, uniq_rupert
D:15:     grunt_enter_depths_hoard, minmay_curled_crystal, minivault_23,
          lemuel_blue_sif_altar, uniq_frances
Orc:2:    trog_butcher_becter, uniq_sonja
Orc:3:    serial_shops, shop, basic_altar, nicolae_orc_pool_cavern
Orc:4:    basic_altar, st_orc_pillars, mines1_david
Lair:1:   uniq_erica
Lair:2:   serial_bayou_shore_a
Lair:3:   minmay_shoals_entry_lonely_mermaid, portal_ice_cave_entry_ice_beasts,
          infiniplex_staircase_pool_2
Lair:4:   grunt_megastairs_2
Lair:5:   nicolae_volcano_entry_s_turn, uniq_snorg
Lair:6:   minmay_lair_oklob_items, minmay_snake_entry_guardpost_small,
          special_room, uniq_nergalle
Lair:7:   roderic_ravens_nest, hibernation_bobbens
Lair:8:   evilmike_catoblepas_cave, dpeg_slime_entry_enclosed_altar,
          grunt_megastairs_3, uniq_fannar
Shoals:1: nicolae_shoals_cliffside_cave, nicolae_shoals_undead_eyrie,
          uniq_donald
Shoals:2: cheibrodos_shoals_roost
Snake:1:  basic_altar, spider_trap, serial_bayou_shore_b
Snake:2:  serial_bayou_pond_a, serial_bayou_shore_b, uniq_wiglaf
Bazaar:   bazaar_jpeg_honeycomb
IceCv:    ice_cave_small_necro


Message History

Attack whom?
Press: ? - help, Dir - move target cursor, f/p - naga
Aim: a naga, wielding a halberd (almost dead)
You reach to attack!
You closely miss the naga.
The naga is almost dead.
The naga hits you from afar with a halberd.
Attack whom?
Press: ? - help, Dir - move target cursor, f/p - naga
Aim: a naga, wielding a halberd (almost dead)
You reach to attack!
You puncture the naga!
You feel better.
You kill the naga!
Makhleb accepts your kill.
You feel a little better.
No target in view!
No target in view!
Things that are here:
a dire flail; a naga corpse You offer a prayer to Makhleb.
The naga corpse disappears without a sign.
Makhleb is exalted by your worship.
Things that are here:
a whip; a robe You offer a prayer to Makhleb.
Makhleb only cares about fresh corpses!
Makhleb is exalted by your worship.
You now have 159 gold pieces (gained 28).
You see here a halberd.
You offer a prayer to Makhleb.
Makhleb only cares about fresh corpses!
Makhleb is exalted by your worship.
You see here a chain mail.
There is a stone staircase leading up here.
You see here a flail.
A naga sharpshooter comes into view. It is wielding a mace.
The naga sharpshooter unwields an uncursed mace.
The naga sharpshooter wields a runed longbow.
It bursts into flame!
The naga sharpshooter shoots an arrow.
The arrow completely misses you.
The naga sharpshooter gestures wildly while chanting.
The naga sharpshooter magically shoots an arrow.
The arrow hits you! The arrow burns you.
You see here 2 arrows.
Casting: Sticky Flame
Confirm with . or Enter, or press ? or * to list all spells.
Aiming: Sticky Flame
Press: ? - help, Shift-Dir - straight line, f - naga sharpshooter
Aim: a naga sharpshooter, wielding a longbow of flaming The sticky flame hits the naga sharpshooter.
The naga sharpshooter appears unharmed.
The naga sharpshooter is covered in liquid flames!
The naga sharpshooter burns!
The naga sharpshooter shoots an arrow.
The arrow closely misses you.
Unknown command.
You hit the naga sharpshooter. Your kick misses the naga sharpshooter.
You peck the naga sharpshooter.
The naga sharpshooter is lightly wounded.
The naga sharpshooter burns!
You puncture the naga sharpshooter!
You feel better.
You claw the naga sharpshooter, but do no damage.
You peck the naga sharpshooter, but do no damage.
The naga sharpshooter is moderately wounded.
The naga sharpshooter mumbles some strange words.
The naga sharpshooter magically shoots an arrow.
The arrow hits you! The arrow burns you.
You hit the naga sharpshooter but do no damage.
You peck the naga sharpshooter.
The naga sharpshooter is moderately wounded.
The naga sharpshooter burns!
You puncture the naga sharpshooter!
You feel better.
You claw the naga sharpshooter.
The naga sharpshooter is severely wounded.
The naga sharpshooter burns!
The naga sharpshooter stops burning.
The naga sharpshooter shoots an arrow.
The arrow hits you!! The arrow burns you.
You puncture the naga sharpshooter!
You feel better.
You claw the naga sharpshooter, but do no damage.
The naga sharpshooter is almost dead.
Casting: Sticky Flame
Confirm with . or Enter, or press ? or * to list all spells.
Aiming: Sticky Flame
Press: ? - help, Shift-Dir - straight line, f/p - naga sharpshooter
Aim: a naga sharpshooter, wielding a longbow of flaming (almost dead)
The sticky flame hits the naga sharpshooter.
The naga sharpshooter appears unharmed.
The naga sharpshooter is almost dead.
The naga sharpshooter is covered in liquid flames!
You are feeling hungry.
The naga sharpshooter burns!
The naga sharpshooter shoots an arrow.
The arrow hits you!! The arrow burns you!
You hit the naga sharpshooter but do no damage.
You claw the naga sharpshooter.
You peck the naga sharpshooter, but do no damage.
The naga sharpshooter is almost dead.
The naga sharpshooter burns!
The naga sharpshooter mumbles some strange words.
The naga sharpshooter magically shoots an arrow.
The arrow hits you!!
* * * LOW HITPOINT WARNING * * *
The arrow burns you!
You die...

.......##..# #....
.......#...##......
...........#.......
P...##............##
.♣####)[<..........###
.....................#..
≈....)###.).............
≈P...)..###......N......#
♣.P....###......@#..
≈....<## #......##
≈.....# #...#.(## .....##
####.##.. ....## #.# ##..
...## #.# .# .♣#.#####..
. .##.....#. .##...###


You could see a naga sharpshooter (burning).

Table legend:
 A = Kills in this place as a percentage of kills in entire the game.
 B = Kills by you in this place as a percentage of kills by you in the entire game.
 C = Kills by friends in this place as a percentage of kills by friends in the entire game.
 D = Other kills in this place as a percentage of other kills in the entire game.
 E = Experience gained in this place as a percentage of experience gained in the entire game.
 F = Experience gained in this place divided by the number of levels of this place that you have seen.
                   A       B       C       D       E      F
               +-------+-------+-------+-------+-------+----------------------
         Total | 100.0 | 100.0 | 100.0 | 100.0 | 100.0 | 4309.6
       Dungeon |  43.7 |  44.4 | 100.0 |  34.1 |  36.9 | 3494.5
  Orcish Mines |  28.9 |  28.6 |   0.0 |  33.0 |  12.1 | 4297.0
          Lair |  20.5 |  20.1 |   0.0 |  26.1 |  28.3 | 5038.9
        Shoals |   4.4 |   4.2 |   0.0 |   6.8 |  14.6 | 10368.0
     Snake Pit |   2.5 |   2.7 |   0.0 |   0.0 |   8.1 | 5782.5
               +-------+-------+-------+-------+-------+----------------------

Vanquished Creatures
  Rupert (D:14)
  Donald (Shoals:1)
  Snorg (Lair:5)
  A merfolk impaler (Shoals:2)
  A vault guard (D:14)
  4 naga warriors
  3 centaur warriors
  6 hydras
  Erica (Lair:1)
  A merfolk aquamancer (Shoals:2)
  4 tengu warriors
  3 death yaks
  2 orc high priests (Orc:4)
  The ghost of trelanon the Slicer, a powerful VSBe of Trog (D:11)
  Urug (D:10)
  Nergalle (Lair:6)
  2 skeletal warriors (D:13)
  3 sea snakes
  A giant orange brain (Snake:1)
  A naga ritualist (Snake:1)
  An unseen horror (D:14)
  Pikel (D:4)
  A wolf spider zombie (D:15)
  2 orc knights (Orc:4)
  4 manticores
  A cyclops (Shoals:1)
  3 griffons
  A lindwurm (Lair:8)
  3 fauns (Shoals:1)
  3 orc sorcerers
  4 ugly things
  9 black mambas
  A harpy (Shoals:2)
  3 naga magi
  3 centaur zombies
  A gargoyle (D:11)
  A guardian serpent (shapeshifter) (D:13)
  5 mermaids
  9 spiny frogs
  A torpor snail (Lair:6)
  6 elephants
  A fire drake (Lair:7)
  4 komodo dragons
  3 harpy zombies (Shoals:1)
  8 trolls
  2 polar bears
  Sonja (Orc:2)
  A freezing wraith (D:14)
  10 merfolk
  Prince Ribbit (D:7)
  A two-headed ogre (D:9)
  7 ravens
  3 slime creatures
  15 blink frogs
  A griffon zombie (Shoals:1)
  A vampire (D:14)
  5 basilisks
  A boulder beetle (shapeshifter) (D:13)
  11 yaks
  2 snapping turtles
  A hungry ghost (D:14)
  3 wyverns
  2 deep elf magi
  Eustachio (D:5)
  2 hill giant zombies
  A shadow (D:11)
  6 water elementals
  Grum (D:9)
  13 wolves
  9 hippogriffs
  2 steam dragons
  A hill giant skeleton (D:9)
  20 water moccasins
  3 fire elementals (D:14)
  Edmund (D:4)
  3 hell hounds (D:14)
  Menkaure (D:7)
  10 nagas
  An ogre zombie (D:12)
  9 porcupines
  48 orc warriors
  A spider (D:12)
  11 ice beasts
  12 ogres
  12 crocodiles
  2 black bears
  22 centaurs
  5 necrophages (D:12)
  A boring beetle (Lair:4)
  2 slaves (D:4)
  Duvessa (D:7)
  A yaktaur zombie (D:15)
  4 big kobolds
  20 giant frogs
  A yaktaur skeleton (D:15)
  2 scorpions
  A troll zombie (D:11)
  23 wights
  4 killer bees
  A troll skeleton (D:15)
  A hippogriff skeleton (D:9)
  7 crimson imps
  A goliath beetle (D:7)
  13 jellies
  Dowan (D:7)
  A black bear zombie (D:7)
  A quasit (D:12)
  A centaur skeleton (D:6)
  A giant frog zombie (D:11)
  33 orc priests
  8 hounds
  A two-headed ogre zombie (D:11)
  8 worker ants
  25 orc wizards
  8 iguanas
  2 orange rats (Lair:8)
  20 sheep
  Ijyb (D:3)
  An ogre skeleton (D:5)
  A sky beast zombie (D:11)
  3 mummies
  A worker ant zombie (D:8)
  8 gnolls
  43 green rats
  A shadow imp (D:15)
  20 adders
  2 giant mites
  An inept item mimic (D:2)
  2 worms (D:2)
  An ufetubus (Orc:4)
  4 oozes
  257 orcs
  3 bat zombies
  6 giant cockroaches
  8 goblins
  13 hobgoblins
  6 jackals (D:8)
  32 kobolds
  12 quokkas
  2 ball pythons
  10 bats
  8 giant geckos
  7 giant newts
  A goblin zombie (D:5)
  4 orc zombies
  21 rats
  A fungus (Lair:6)
1056 creatures vanquished.

Vanquished Creatures (collateral kills)
  A crimson imp (D:14)
1 creature vanquished.

Vanquished Creatures (others)
  2 Executioners (D:14)
  A merfolk impaler (Shoals:1)
  A rakshasa (D:14)
  A death yak (Lair:1)
  An orc high priest (Orc:4)
  A tengu warrior (D:14)
  A sea snake (Shoals:1)
  A skeletal warrior (D:13)
  3 orc knights
  A deep troll (Orc:4)
  An elephant (Lair:7)
  A cyclops (D:14)
  A feature mimic (D:8)
  A spiny frog (Lair:8)
  A slime creature (D:12)
  A raven (D:13)
  2 snapping turtles (Shoals:1)
  8 yaks
  A water elemental (Shoals:1)
  A hungry ghost (D:13)
  A wyvern (D:13)
  A hippogriff (D:12)
  2 wargs
  2 wolves
  A hell hound (D:14)
  6 orc warriors
  A centaur (D:5)
  2 ogres
  3 giant frogs
  A scorpion (D:13)
  A cyclops skeleton (D:14)
  A hippogriff zombie (Shoals:1)
  A jelly (D:14)
  A crimson imp (D:8)
  A quasit (D:9)
  2 orc priests
  3 orc wizards
  2 iguanas
  2 sheep (Lair:5)
  2 orange rats (Lair:8)
  2 gnolls
  2 green rats
  A shadow imp (D:12)
  An ufetubus (Orc:4)
  2 oozes (D:8)
  12 orcs
  A quokka (Lair:6)
  A rat (D:10)
  2 bushes
  8 fungi
  4 plants
103 creatures vanquished.

Grand Total: 1160 creatures vanquished

Notes
Turn   | Place    | Note
--------------------------------------------------------------
     0 | D:1      | magipi, the Tengu Fire Elementalist, began the quest for the Orb.
     0 | D:1      | Reached XP level 1. HP: 10/10 MP: 3/3
   563 | D:1      | Reached XP level 2. HP: 4/15 MP: 0/5
  1369 | D:2      | Reached XP level 3. HP: 19/19 MP: 2/7
  1715 | D:2      | Reached skill level 4 in Fire Magic
  1909 | D:2      | Reached XP level 4. HP: 17/24 MP: 5/8
  2333 | D:2      | Found a burning altar of Makhleb.
  2483 | D:2      | Became a worshipper of Makhleb the Destroyer
  2513 | D:2      | Found a shattered altar of Ashenzari.
  2517 | D:2      | Reached XP level 5. HP: 28/28 MP: 8/11
  2657 | D:2      | Reached skill level 5 in Fire Magic
  2887 | D:3      | Learned a level 3 spell: Conjure Flame
  2892 | D:3      | Learned a level 4 spell: Sticky Flame
  3052 | D:3      | Noticed Ijyb
  3058 | D:3      | Killed Ijyb
  3354 | D:3      | Reached skill level 5 in Conjurations
  3376 | D:3      | Acquired Makhleb's first power
  3392 | D:3      | Found a glowing golden altar of the Shining One.
  3486 | D:4      | Found a sparkling altar of Nemelex Xobeh.
  3740 | D:4      | Found Klaypn's Distillery.
  3743 | D:4      | Bought a potion of poison for 12 gold pieces
  3743 | D:4      | Bought a potion of haste for 84 gold pieces
  3743 | D:4      | Bought a potion of degeneration for 24 gold pieces
  3743 | D:4      | Bought a potion of lignification for 24 gold pieces
  3858 | D:4      | Noticed an ogre
  3873 | D:4      | Reached XP level 6. HP: 32/32 MP: 6/12
  3945 | D:4      | Killed an ogre
  3945 | D:4      | Reached skill level 6 in Conjurations
  4073 | D:4      | Reached skill level 1 in Polearms
  4185 | D:4      | Noticed a slave
  4185 | D:4      | Noticed a slave
  4233 | D:4      | Reached XP level 7. HP: 36/36 MP: 9/14
  4289 | D:4      | Noticed Edmund
  4309 | D:4      | Killed Edmund
  4352 | D:4      | Acquired Makhleb's second power
  4402 | D:4      | Found a staircase to the Ecumenical Temple.
  4551 | D:4      | Noticed Pikel
  4551 | D:4      | Noticed a slave
  4551 | D:4      | Noticed a slave
  4573 | D:4      | Killed a slave
  4575 | D:4      | Killed a slave
  4582 | D:4      | Killed Pikel
  4582 | D:4      | Reached skill level 7 in Polearms
  4582 | D:4      | Reached XP level 8. HP: 41/41 MP: 1/16
  4633 | D:5      | Entered Level 5 of the Dungeon
  4652 | D:5      | Found a blossoming altar of Fedhas.
  4976 | D:5      | Got a shimmering quarterstaff
  5009 | D:5      | Reached skill level 8 in Polearms
  5047 | D:5      | Identified the cursed -1 quarterstaff of Gravity {venom, Contam Str+3 Dex+2} (You found it on level 5 of the Dungeon)
  5093 | D:5      | Noticed Eustachio
  5099 | D:5      | Killed Eustachio
  5162 | D:5      | Reached skill level 9 in Polearms
  5872 | D:6      | Reached XP level 9. HP: 39/45 MP: 12/17
  5931 | D:6      | Found a glowing silver altar of Zin.
  6134 | D:6      | Found Koidemi's Weapon Shoppe.
  6237 | D:6      | Acquired Makhleb's third power
  6753 | D:7      | Noticed Duvessa
  6755 | D:7      | Noticed Dowan
  6809 | D:7      | Killed Dowan
  6893 | D:7      | Found an iron altar of Okawaru.
  7143 | D:7      | Found a bloodstained altar of Trog.
  7206 | D:7      | Reached skill level 10 in Polearms
  7273 | D:7      | Noticed Prince Ribbit
  7281 | D:7      | Killed Prince Ribbit
  7281 | D:7      | Reached skill level 5 in Dodging
  7464 | D:7      | Killed Duvessa
  7519 | D:7      | Found a blossoming altar of Fedhas.
  7546 | D:6      | Found a radiant altar of Vehumet.
  7546 | D:6      | Found a blossoming altar of Fedhas.
  7734 | D:7      | Noticed Menkaure
  7741 | D:7      | Killed Menkaure
  7778 | D:7      | Acquired Makhleb's fourth power
  8078 | D:8      | Found a staircase to the Lair.
  8370 | D:8      | Reached XP level 10. HP: 50/50 MP: 9/18
  9333 | D:8      | Reached skill level 10 in Dodging
  9350 | D:8      | Acquired Makhleb's fifth power
  9892 | D:9      | Noticed Grum
  9923 | D:9      | Killed Grum
  9923 | D:9      | Reached skill level 11 in Dodging
 10050 | D:9      | Reached skill level 1 in Fighting
 10714 | D:10     | Entered Level 10 of the Dungeon
 10731 | D:10     | Noticed Urug
 11067 | D:10     | Found a staircase to the Orcish Mines.
 11121 | D:10     | Reached skill level 5 in Fighting
 11500 | D:10     | Killed Urug
 11500 | D:10     | Reached XP level 11. HP: 17/67 MP: 8/20
 12026 | D:11     | Noticed trelanon's ghost (powerful VSBe)
 12300 | D:11     | Found a portal to a secret trove of treasure.
 12500 | D:11     | Found Iraeriuf's Weapon Boutique.
 12509 | D:11     | Found a shimmering altar of Xom.
 12580 | Lair:1   | Entered Level 1 of the Lair of Beasts
 12677 | Lair:1   | Reached skill level 1 in Evocations
 12720 | Lair:1   | Got a steaming quarterstaff
 12721 | Lair:1   | Identified the +9 quarterstaff "Henuliji" {antimagic, rPois rN+ Str+2} (You found it on level 1 of the Lair of Beasts)
 12820 | Lair:1   | Reached skill level 1 in Invocations
 12948 | Lair:1   | Noticed Erica
 12994 | Lair:1   | Killed Erica
 13384 | Lair:1   | HP: 2/68 [poisoned by a spiny frog]
 14008 | Lair:2   | Reached skill level 5 in Evocations
 14471 | Lair:2   | Reached skill level 5 in Invocations
 14701 | Lair:2   | Reached XP level 12. HP: 73/73 MP: 23/23
 14835 | Lair:3   | Found a frozen archway.
 14937 | IceCv    | Entered an ice cave
 15306 | Lair:3   | Found a staircase to the Shoals.
 15333 | Lair:3   | Noticed a four-headed hydra
 15355 | Lair:3   | Killed a four-headed hydra
 16810 | Lair:5   | Noticed Snorg
 17303 | Lair:5   | Noticed a four-headed hydra
 17502 | Lair:6   | Found a staircase to the Snake Pit.
 17824 | Lair:6   | Noticed Nergalle
 18714 | Lair:7   | Reached skill level 10 in Evocations
 18733 | Lair:7   | Reached XP level 13. HP: 78/78 MP: 18/28
 19693 | Lair:8   | Entered Level 8 of the Lair of Beasts
 20093 | Lair:8   | Reached skill level 10 in Invocations
 20570 | Lair:8   | Noticed Fannar
 20704 | Lair:8   | Found a viscous altar of Jiyva.
 20704 | Lair:8   | Found a staircase to the Slime Pits.
 20704 | Lair:8   | Noticed an azure jelly
 20932 | Lair:1   | Noticed a death yak
 20932 | Lair:1   | Noticed a death yak
 20947 | Lair:1   | Noticed a death yak
 21009 | Lair:1   | Noticed a death yak
 21013 | Lair:1   | Killed a death yak
 21173 | Lair:1   | Banished a death yak
 21187 | Lair:1   | Banished a death yak
 21194 | Lair:1   | Killed a death yak
 21323 | Orc:1    | Entered Level 1 of the Orcish Mines
 21458 | Orc:1    | Learned a level 5 spell: Fireball
 22590 | Orc:4    | Entered Level 4 of the Orcish Mines
 22763 | Orc:4    | Found a glowing silver altar of Zin.
 22822 | Orc:3    | Found a radiant altar of Vehumet.
 23162 | Orc:3    | Noticed an orc warlord
 23745 | Orc:3    | Found a staircase to the Elven Halls.
 23800 | Orc:3    | Found Faotylo's Distillery.
 23841 | Orc:3    | Bought a potion of curing for 28 gold pieces
 23841 | Orc:3    | Bought a potion of resistance for 98 gold pieces
 23841 | Orc:3    | Bought a potion of heal wounds for 42 gold pieces
 23841 | Orc:3    | Bought a potion of berserk rage for 42 gold pieces
 23901 | Orc:2    | Noticed Sonja
 24200 | Orc:2    | Killed Sonja
 24376 | Orc:2    | Found a bloodstained altar of Trog.
 25150 | Orc:4    | Found a roughly hewn altar of Beogh.
 26005 | Orc:4    | Reached XP level 14. HP: 53/84 MP: 24/29
 26726 | Orc:4    | Reached skill level 10 in Conjurations
 27320 | Orc:4    | Found Ihuemn's Gadget Boutique.
 27321 | Orc:4    | Found Wimeixiv's Distillery.
 27321 | Orc:4    | Found Dothrafur's Antique Armour Shop.
 27322 | Orc:4    | Found Khing's Assorted Antiques.
 27329 | Orc:4    | Bought a potion of flight for 45 gold pieces
 27329 | Orc:4    | Bought a potion of invisibility for 82 gold pieces
 27335 | Orc:4    | Bought a warped robe for 159 gold pieces
 27335 | Orc:4    | Bought a cloak for 126 gold pieces
 27339 | Orc:4    | Identified the cursed +1 robe of Oresuxab {+Fly} (You bought it in a shop on level 4 of the Orcish Mines)
 27353 | Orc:4    | Bought a wand of teleportation (4) for 336 gold pieces
 27353 | Orc:4    | Bought a wand of draining (5) for 126 gold pieces
 27353 | Orc:4    | Bought a wand of hasting (6) for 840 gold pieces
 27378 | Orc:4    | Bought a dented ruby amulet for 145 gold pieces
 27378 | Orc:4    | Bought a tubular bone ring for 145 gold pieces
 27403 | Orc:4    | Bought a potion of heal wounds for 87 gold pieces
 28155 | D:12     | Reached skill level 10 in Fire Magic
 28325 | D:12     | Reached skill level 1 in Shields
 28492 | D:12     | Noticed Psyche
 28495 | D:12     | Noticed Psyche
 28495 | D:12     | Psyche changed into Psyche the spider
 28503 | D:12     | Killed Psyche the spider
 29252 | D:12     | Found a roughly hewn altar of Beogh.
 29643 | D:12     | Reached skill level 5 in Shields
 30210 | D:13     | Reached skill level 5 in Stealth
 30291 | D:13     | Found a flickering gateway to a bazaar.
 30304 | Bazaar   | Entered a bazaar
 30307 | Bazaar   | Found Twithrae's Magic Scroll Shop.
 30320 | Bazaar   | Found Pnu Jong's General Store.
 30338 | Bazaar   | Found Stroidgha's Antique Weapon Boutique.
 30374 | Bazaar   | Found Phynkot's Armour Boutique.
 30427 | Bazaar   | Bought a scroll of blinking for 112 gold pieces
 30427 | Bazaar   | Bought a scroll of identify for 30 gold pieces
 30427 | Bazaar   | Bought a scroll of blinking for 112 gold pieces
 30427 | Bazaar   | Bought a scroll of magic mapping for 52 gold pieces
 30427 | Bazaar   | Bought 2 scrolls of identify for 60 gold pieces
 30825 | D:14     | Noticed Rupert
 30888 | D:14     | Noticed Azrael
 31055 | D:13     | Reached skill level 1 in Armour
 31471 | D:14     | Noticed Azrael
 31471 | D:14     | Azrael changed into Azrael the rakshasa
 31637 | D:14     | Found a gate to the Vaults.
 31690 | D:14     | Banished Azrael the rakshasa
 31690 | D:14     | Reached XP level 15. HP: 55/88 MP: 25/30
 31919 | D:14     | Found a roughly hewn altar of Beogh.
 32370 | D:14     | Reached skill level 5 in Armour
 32590 | D:15     | Entered Level 15 of the Dungeon
 32642 | D:15     | Noticed Frances
 32864 | D:14     | Killed Rupert
 33782 | D:15     | Found a deep blue altar of Sif Muna.
 34333 | Shoals:1 | Entered Level 1 of the Shoals
 34806 | Shoals:1 | Reached skill level 12 in Polearms
 35007 | Shoals:1 | Noticed Donald
 35038 | Shoals:1 | Killed Donald
 37378 | Lair:5   | Killed a four-headed hydra
 37421 | Lair:6   | Killed Nergalle
 37431 | Snake:1  | Entered Level 1 of the Snake Pit
 37960 | Snake:1  | Reached skill level 10 in Armour
 37989 | Snake:1  | Reached XP level 16. HP: 93/93 MP: 30/30
 38571 | D:11     | Killed trelanon's ghost
 38893 | Orc:4    | Bought a scroll of enchant weapon for 217 gold pieces
 38893 | Orc:4    | Bought a potion of heal wounds for 87 gold pieces
 39323 | Lair:5   | Killed Snorg
 40092 | Snake:1  | Found a shadowy altar of Dithmenos.
 40660 | Snake:2  | Reached skill level 13 in Polearms
 40699 | Snake:2  | Shot with an arrow by a naga sharpshooter

Action                   |  1- 3 |  4- 6 |  7- 9 | 10-12 | 13-15 | 16-18 || total
-------------------------+-------+-------+-------+-------+-------+-------++-------
Melee: Club              |     3 |     6 |       |       |       |       ||     9
       Spear             |       |    31 |   226 |   666 |  1757 |       ||  2680
       Mace              |       |     6 |       |       |       |       ||     6
       Demon trident     |       |       |       |       |   277 |   249 ||   526
Throw: Javelin           |       |       |       |     1 |     2 |       ||     3
       Tomahawk          |       |       |       |     1 |       |       ||     1
 Cast: Flame Tongue      |    56 |    83 |    35 |    19 |     2 |       ||   195
       Sticky Flame      |       |     5 |    31 |   110 |   225 |    14 ||   385
       Conjure Flame     |       |     4 |    17 |    19 |    24 |       ||    64
       Fireball          |       |       |       |       |     3 |     1 ||     4
Invok: Greater Servant o |       |       |       |       |     2 |     1 ||     3
 Abil: Fly               |       |       |       |     1 |     5 |       ||     6
Evoke: Wand              |       |       |       |     8 |    23 |       ||    31
  Use: Scroll            |     5 |     5 |     6 |    17 |    16 |     3 ||    52
       Potion            |       |       |     1 |     5 |     7 |     1 ||    14
 Stab: Sleeping          |       |       |     9 |    13 |    17 |     4 ||    43
       Distracted        |       |       |     1 |     4 |     5 |       ||    10
       Invisible         |       |       |       |       |     6 |       ||     6
       Fleeing           |       |       |       |       |     1 |       ||     1
  Eat: Chunk             |     4 |    10 |    13 |    42 |    65 |     9 ||   143
       Beef jerky        |       |       |     2 |     3 |     3 |       ||     8
       Pizza             |       |       |     2 |     2 |     2 |     1 ||     7
       Meat ration       |       |       |     1 |       |     3 |       ||     4
       Royal jelly       |       |       |       |     3 |     8 |       ||    11
       Fruit             |       |       |       |     9 |    15 |       ||    24

Action                   |  1- 3 |  4- 6 |  7- 9 | 10-12 | 13-15 | 16-18 || total
-------------------------+-------+-------+-------+-------+-------+-------++-------
Melee: Club              |     3 |     6 |       |       |       |       ||     9
       Spear             |       |    31 |   226 |   666 |  1757 |       ||  2680
       Mace              |       |     6 |       |       |       |       ||     6
       Demon trident     |       |       |       |       |   277 |   249 ||   526
Throw: Javelin           |       |       |       |     1 |     2 |       ||     3
       Tomahawk          |       |       |       |     1 |       |       ||     1
 Cast: Flame Tongue      |    56 |    83 |    35 |    19 |     2 |       ||   195
       Sticky Flame      |       |     5 |    31 |   110 |   225 |    14 ||   385
       Conjure Flame     |       |     4 |    17 |    19 |    24 |       ||    64
       Fireball          |       |       |       |       |     3 |     1 ||     4
Invok: Greater Servant o |       |       |       |       |     2 |     1 ||     3
 Abil: Fly               |       |       |       |     1 |     5 |       ||     6
Evoke: Wand              |       |       |       |     8 |    23 |       ||    31
  Use: Scroll            |     5 |     5 |     6 |    17 |    16 |     3 ||    52
       Potion            |       |       |     1 |     5 |     7 |     1 ||    14
 Stab: Sleeping          |       |       |     9 |    13 |    17 |     4 ||    43
       Distracted        |       |       |     1 |     4 |     5 |       ||    10
       Invisible         |       |       |       |       |     6 |       ||     6
       Fleeing           |       |       |       |       |     1 |       ||     1
  Eat: Chunk             |     4 |    10 |    13 |    42 |    65 |     9 ||   143
       Beef jerky        |       |       |     2 |     3 |     3 |       ||     8
       Pizza             |       |       |     2 |     2 |     2 |     1 ||     7
       Meat ration       |       |       |     1 |       |     3 |       ||     4
       Royal jelly       |       |       |       |     3 |     8 |       ||    11
       Fruit             |       |       |       |     9 |    15 |       ||    24

Action                   |  1- 3 |  4- 6 |  7- 9 | 10-12 | 13-15 | 16-18 || total
-------------------------+-------+-------+-------+-------+-------+-------++-------
Melee: Club              |     3 |     6 |       |       |       |       ||     9
       Spear             |       |    31 |   226 |   666 |  1757 |       ||  2680
       Mace              |       |     6 |       |       |       |       ||     6
       Demon trident     |       |       |       |       |   277 |   249 ||   526
Throw: Javelin           |       |       |       |     1 |     2 |       ||     3
       Tomahawk          |       |       |       |     1 |       |       ||     1
 Cast: Flame Tongue      |    56 |    83 |    35 |    19 |     2 |       ||   195
       Sticky Flame      |       |     5 |    31 |   110 |   225 |    14 ||   385
       Conjure Flame     |       |     4 |    17 |    19 |    24 |       ||    64
       Fireball          |       |       |       |       |     3 |     1 ||     4
Invok: Greater Servant o |       |       |       |       |     2 |     1 ||     3
 Abil: Fly               |       |       |       |     1 |     5 |       ||     6
Evoke: Wand              |       |       |       |     8 |    23 |       ||    31
  Use: Scroll            |     5 |     5 |     6 |    17 |    16 |     3 ||    52
       Potion            |       |       |     1 |     5 |     7 |     1 ||    14
 Stab: Sleeping          |       |       |     9 |    13 |    17 |     4 ||    43
       Distracted        |       |       |     1 |     4 |     5 |       ||    10
       Invisible         |       |       |       |       |     6 |       ||     6
       Fleeing           |       |       |       |       |     1 |       ||     1
  Eat: Chunk             |     4 |    10 |    13 |    42 |    65 |     9 ||   143
       Beef jerky        |       |       |     2 |     3 |     3 |       ||     8
       Pizza             |       |       |     2 |     2 |     2 |     1 ||     7
       Meat ration       |       |       |     1 |       |     3 |       ||     4
       Royal jelly       |       |       |       |     3 |     8 |       ||    11
       Fruit             |       |       |       |     9 |    15 |       ||    24
